 Dungeon Crawl Stone Soup version 0.29.0-7-g18a832c13a (webtiles) character file.

Game seed: 16600152795646496945

8327 Monkooky the Cleaver (level 11, 0/95 HPs)
             Began as a Palentonga Artificer on Aug 30, 2022.
             Was an Elder of Ru.
             Succumbed to poison (dark miasma)
             ... on level 1 of the Lair of Beasts.
             The game lasted 00:27:25 (13185 turns).

Monkooky the Cleaver (Palentonga Artificer)        Turns: 13185, Time: 00:27:25

Health: 0/95       AC: 18    Str: 27    XL:     11   Next: 8%
Magic:  7/11       EV:  5    Int: 12    God:    Ru [****..]
Gold:   541        SH:  5    Dex: 11    Spells: 10/10 levels left

rFire   . . .      SeeInvis +   q - +2 hand axe (flame)
rCold   . . .      Faith    .   w - +0 buckler
rNeg    . . .      Spirit   .   A - +0 plate armour
rPois   .          Reflect  .   M - +1 helmet
rElec   .          Harm     .   r - +2 cloak {Will+}
rCorr   .          Rampage  .   O - +0 pair of gloves
Will    +....                   (no barding)
Stlth   ..........              (no amulet)
HPRegen 0.25/turn               m - +4 ring of slaying
MPRegen 0.12/turn               T - +6 ring of strength

@: lethally poisoned (0 -> -24), exhausted, slowed, very slow
A: large, rugged brown scales 3, see invisible, deformed body, no stealth,
inability to use devices, inability to train dodging, roll 1, armoured tail,
reflexive curl
a: Rolling Charge, Renounce Religion, Draw Out Power, Power Leap


You were on level 1 of the Lair of Beasts.
You worshipped Ru.
Ru was greatly pleased with you.
You visited 3 branches of the dungeon, and saw 12 of its levels.

You collected 697 gold pieces.
You spent 156 gold pieces at shops.

Inventory:

Hand Weapons
 a - a +0 club
 j - a +0 war axe
 q - a +2 hand axe of flaming (weapon)
 z - a +1 antimagic hand axe
Missiles
 e - 11 poisoned darts
 H - 5 throwing nets
 J - 3 boomerangs of dispersal
Armour
 b - a +0 leather armour
 r - a +2 cloak of willpower (worn)
 s - a +0 chain mail
 w - a +0 buckler (worn)
 A - a +0 plate armour (worn)
 C - a +0 hat of stealth
 M - a +1 helmet (worn)
 O - a +0 pair of gloves (worn)
Jewellery
 m - a +4 ring of slaying (left hand)
 p - a ring of positive energy
 B - a ring of positive energy
 T - a +6 ring of strength (right hand)
Wands
 c - a wand of flame (15)
 d - a wand of charming (13)
Scrolls
 f - 3 scrolls of noise {unknown}
 h - 3 scrolls of amnesia
 i - 2 scrolls of silence {unknown}
 u - 2 scrolls of poison
 y - 5 scrolls of teleportation
 E - 2 scrolls of blinking
 G - 3 scrolls of immolation
 K - a scroll of fear
 L - a scroll of magic mapping {unknown}
 N - 3 scrolls of enchant weapon {unknown}
 P - 5 scrolls of identify
 S - a scroll of vulnerability {unknown}
Potions
 g - 2 potions of lignification {unknown}
 k - a potion of resistance
 l - a potion of ambrosia
 n - 3 potions of invisibility {unknown}
 t - 2 potions of attraction {unknown}
 v - 3 potions of berserk rage {unknown}
 x - 2 potions of haste {unknown}
 F - 3 potions of degeneration {unknown}
 I - 2 potions of flight {unknown}
 Q - 3 potions of curing
 R - a potion of mutation {unknown}


   Skills:
 + Level 9.0 Fighting
 * Level 10.1 Axes
 - Level 8.0 Armour
 - Level 4.7 Shields


You had 10 spell levels left.
You didn't know any spells.
Your spell library contained the following spells:

 Spells                   Type           Power      Damage    Failure   Level
 Ignite Poison            Fire/Tmut/Pois 0%         N/A       100%        3
 Mephitic Cloud           Conj/Pois/Air  0%         N/A       100%        3
 Cause Fear               Hex            0%         N/A       100%        4
 Passage of Golubria      Tloc           0%         N/A       100%        4
 Freezing Cloud           Conj/Ice/Air   0%         6-21      100%        5
 Metabolic Englaciation   Hex/Ice        0%         N/A       100%        5
 Yara's Violent Unravell  Hex/Tmut       0%         3d3       100%        5


Dungeon Overview and Level Annotations

Branches:
Dungeon (10/15)            Temple (1/1) D:4            Lair (1/5) D:8
    Orc (0/2) D:9

Altars:
Ashenzari
Cheibriados
Dithmenos
Elyvilon
Fedhas
Gozag
Hepliaklqana
Kikubaaqudgha
Makhleb
Nemelex Xobeh
Okawaru
Qazlal
Ru
Sif Muna
Trog
Uskayaw
Vehumet
Wu Jian
Xom
Yredelemnul
Zin
The Shining One

Shops:
D:7 ?   D:8 (([:

Annotations:
D:1 exclusion: downstairs
D:2 1 runed translucent door, Crazy Yiuf
D:4 exclusion: downstairs
D:10 Urug
Lair:1 1 transporter


Innate Abilities, Weirdness & Mutations

You are completely covered in rugged brown scales. (AC +3, +7% HP)
You have supernaturally acute eyesight. (SInv)
Armour fits poorly on your strangely shaped body.
You cannot be stealthy.
You cannot study or use magical devices.
You cannot train Dodging skill.
You can roll at nearby foes to attack.
You have a long armoured tail.
You curl defensively after being hit. (AC +7*)


Message History

You tear a large gash into the net.
The swamp worm fires a harpoon shot at you.
The harpoon shot hits you but does no damage.
The swamp worm barely misses your butterfly.
Unknown command.
You struggle against the net.
The swamp worm fires a harpoon shot at you.
The harpoon shot hits you.
* * * LOW HITPOINT WARNING * * *
You are yanked forward by the harpoon shot.
You collide with the briar patch!
The briar patch is destroyed!
You feel much better. The swamp worm bites your butterfly!
Your butterfly dies!
Your butterfly disappears in a burst of colours!
The swamp worm begins to attack, but is stunned by your conviction!
You rip the net and break free!
The swamp worm begins to attack, but is stunned by your conviction!
The swamp worm fires a harpoon shot at you.
The harpoon shot hits you!
You are yanked forward by the harpoon shot.
You violently stop moving!
You focus your inner power and illuminate the swamp worm in retribution!
Really walk into that cloud of foul pestilence?
You are engulfed in dark miasma.
You are poisoned.
You feel yourself slow down.
You feel very sick.
The swamp worm fires a harpoon shot at you.
The harpoon shot hits you!
* * * LOW HITPOINT WARNING * * *
You are yanked forward by the harpoon shot.
You collide with the briar patch!
The briar patch is moderately damaged.
Okay, then.
You open the door.
You are engulfed in dark miasma.
You are lethally poisoned!
You feel as though you will be slow longer.
* * * LOW HITPOINT WARNING * * *
You die...

..............#####..........#
............###PbP###........#
............##§P§P≈♣#........#
............#wbP^P≈##........#
............##§b^b≈w#........#
............#♣§b^○###........#
............###°^.≈♣#........##
............#w§.^b≈##.........#
............##≈P@P≈w#........##
............####'####........#
..............#?$)#..........#
....).........#[©=#..........#
.#............#####..........##
##..............©............P#
.#.....(.....................P#
.............................##
##...........................#


You could see 4 swamp worms.

Vanquished Creatures
  Maurice (D:8)
  Joseph (D:8)
  2 cane toads (Lair:1)
  A rime drake (Lair:1)
  A komodo dragon (Lair:1)
  7 blink frogs (Lair:1)
  Sigmund (D:2)
  A vampire (D:9)
  2 wyverns
  A wraith (D:9)
  2 steam dragons
  Menkaure (D:7)
  Duvessa (D:7)
  2 water moccasins
  A sky beast (D:6)
  3 orc warriors
  A black bear (D:7)
  5 centaurs
  3 ogres
  2 phantoms
  Blork the orc (D:4)
  3 bullfrogs
  4 gnoll sergeants
  4 scorpions (D:5)
  A necrophage (D:7)
  7 wights
  Dowan (D:7)
  4 killer bees (D:10)
  3 howler monkeys
  An electric eel (D:8)
  2 jellies
  4 orc priests
  6 hounds
  A gnoll bouda (D:7)
  An iguana (D:3)
  4 orc wizards
  6 adders
  26 gnolls
  A shadow imp (D:5)
  3 white imps
  2 ufetubi (D:5)
  2 worms (D:2)
  2 dart slugs
  20 orcs
  3 endoplasms
  4 giant cockroaches
  15 goblins
  9 hobgoblins
  4 quokkas
  6 ball pythons
  5 bats
  8 frilled lizards
  5 kobolds
  9 rats
  4 briar patches (Lair:1)
220 creatures vanquished.

Vanquished Creatures (collateral kills)
  A scorpion (D:5)
  2 gnolls (D:6)
3 creatures vanquished.

Vanquished Creatures (others)
  A gnoll sergeant (D:6)
  A hound (D:5)
  2 gnolls
  2 briar patches (Lair:1)
  3 demonic plants (D:5)
  2 fungi (Lair:1)
  5 plants
16 creatures vanquished.

Grand Total: 239 creatures vanquished

Notes
Turn   | Place    | Note
-------+----------+-------------------------------------------
     0 | D:1      | Monkooky the Palentonga Artificer began the quest for the
                  | Orb.
     0 | D:1      | Reached XP level 1. HP: 16/16 MP: 1/1
   552 | D:1      | Reached skill level 1 in Axes
   552 | D:1      | Reached XP level 2. HP: 15/22 MP: 2/2
   989 | D:1      | Reached skill level 2 in Axes
  1211 | D:2      | Noticed Sigmund
  1216 | D:2      | Killed Sigmund
  1217 | D:2      | Reached skill level 5 in Axes
  1217 | D:2      | Reached XP level 3. HP: 11/27 MP: 3/3
  1217 | D:2      | Reached XP level 4. HP: 14/34 MP: 4/4
  1217 | D:2      | Reached XP level 5. HP: 17/39 MP: 5/5
  2131 | D:2      | Found a runed translucent door.
  2132 | D:2      | Noticed Crazy Yiuf
  2362 | D:3      | Reached XP level 6. HP: 46/46 MP: 6/6
  2400 | D:3      | Found a faded altar of an unknown god.
  2475 | D:3      | Reached skill level 6 in Axes
  2885 | D:3      | Got Jaukooq's Guidebook on Spatial Imprecation
  3220 | D:4      | Identified the +1 ring mail of the Valley {rN+ Dex+6
                  | Slay-5}
  3228 | D:4      | Noticed Blork the orc
  3231 | D:4      | Killed Blork the orc
  3232 | D:4      | Reached skill level 7 in Axes
  3232 | D:4      | Gained mutation: You curl defensively after being hit. (AC
                  | +7*) [Palentonga growth]
  3232 | D:4      | Reached XP level 7. HP: 51/51 MP: 7/7
  3270 | D:4      | Found a staircase to the Ecumenical Temple.
  3284 | Temple   | Entered the Ecumenical Temple
  3311 | Temple   | Became a worshipper of Ru the Awakened
  3934 | D:5      | Entered Level 5 of the Dungeon
  3938 | D:5      | Reached skill level 8 in Axes
  4256 | D:5      | Reached skill level 9 in Axes
  4353 | D:5      | Reached XP level 8. HP: 57/57 MP: 8/8
  5010 | D:5      | Reached skill level 5 in Fighting
  5408 | D:6      | Found a basalt altar of Yredelemnul.
  5415 | D:6      | Found a bloodstained altar of Trog.
  5423 | D:6      | Found a shadowy altar of Dithmenos.
  5430 | D:6      | Found an iron altar of Okawaru.
  5438 | D:6      | Found a shimmering altar of Xom.
  5445 | D:6      | Found a hide-covered altar of Uskayaw.
  5451 | D:6      | Found a stormy altar of Qazlal.
  6018 | D:6      | Reached XP level 9. HP: 77/77 MP: 9/9
  6018 | D:6      | Gained mutation: You cannot study or use magical devices.
                  | [Ru sacrifice]
  6018 | D:6      | Reached * piety under Ru
  6018 | D:6      | Reached ** piety under Ru
  6964 | D:7      | Noticed Menkaure
  6966 | D:7      | Killed Menkaure
  7504 | D:7      | Noticed Duvessa
  7504 | D:7      | Noticed Dowan
  7519 | D:7      | Killed Duvessa
  7525 | D:7      | Killed Dowan
  8071 | D:7      | Found Kiocuf's Magic Scroll Boutique.
  8079 | D:7      | Bought a scroll of butterflies for 52 gold pieces
  8079 | D:7      | Bought a scroll of immolation for 52 gold pieces
  8079 | D:7      | Bought a scroll of fear for 52 gold pieces
  8297 | D:8      | Found a staircase to the Lair.
  8356 | D:8      | Noticed Joseph
  8371 | D:8      | Killed Joseph
  8372 | D:8      | Reached skill level 5 in Armour
  8834 | D:7      | HP: 2/80 [orc warrior/+2 hand axe of flaming (4)]
  9275 | D:8      | Reached XP level 10. HP: 72/87 MP: 10/10
  9340 | D:8      | Found Woitwy's Weapon Boutique.
  9341 | D:8      | Found Etwafaq's Antique Armour Shop.
  9342 | D:8      | Found Ponatz's Antique Weapon Emporium.
  9342 | D:8      | Found Viec Bia's Book Boutique.
  9477 | D:8      | Noticed Maurice
  9484 | D:8      | Killed Maurice
 10099 | D:9      | Gained mutation: You cannot be stealthy. [Ru sacrifice]
 10099 | D:9      | Reached *** piety under Ru
 10764 | D:9      | Found a staircase to the Orcish Mines.
 11007 | D:10     | Entered Level 10 of the Dungeon
 11251 | D:10     | Noticed Urug
 11322 | Lair:1   | Entered Level 1 of the Lair of Beasts
 11427 | Lair:1   | Reached skill level 1 in Shields
 11856 | Lair:1   | Found a transporter.
 11973 | Lair:1   | Noticed a cane toad
 11996 | Lair:1   | Killed a cane toad
 12210 | Lair:1   | Noticed a cane toad
 12220 | Lair:1   | Killed a cane toad
 12224 | Lair:1   | Reached XP level 11. HP: 67/91 MP: 11/11
 12229 | Lair:1   | Reached skill level 10 in Axes
 12445 | Lair:1   | Found a transporter.
 12983 | D:5      | Gained mutation: You cannot train Dodging skill. [Ru
                  | sacrifice]
 12983 | D:5      | Reached **** piety under Ru
 13185 | Lair:1   | Succumbed to poison (dark miasma)

Illustrated notes

Levels and vault maps discovered:
D:1:      nzn_arrival_crosshair, layout_basic, minmay_tripent
D:2:      layout_basic, uniq_sigmund, uniq_crazy_yiuf_cottage
D:3:      layout_rooms, hellmonk_ecumenical_altar_leap_of_faith
D:4:      layout_loops_ring, minmay_temple_entry_gardened_gates,
          uniq_blork_the_orc
D:5:      layout_loops_ring, serial_demonic, serial_demonic_a, serial_demonic_b,
          serial_demonic_g, serial_demonic_b, st_stairs_12,
          minmay_misc_feat_secret_circle, amcnicky_mini_corridor_feature,
          grunt_ministairs_2
D:6:      layout_loops_ring, grunt_temple_overflow_octagram
D:7:      layout_loops_corners, serial_shops, shop, uniq_menkaure, uniq_duvessa
D:8:      layout_basic, dpeg_oklobed_lair, hangedman_decor_clover_reticule,
          minivault_27, nicolae_wooded_promenade, uniq_joseph, uniq_maurice
D:9:      layout_loops_ring, orc_0_dummy
D:10:     cheibrodos_helix_gallery, layout_small_grid, minmay_misc_feat_plants,
          kennysheep_generic_room_8, uniq_urug
Temple:   minmay_freezing_vapour_temple
Lair:1:   gammafunk_worm_tunnel, layout_regular_city

Skill      XL: |  1  2  3  4  5  6  7  8  9 10 11 |
---------------+----------------------------------+-----
Axes           | 1 5 7 9 10 | 10.1
Fighting       | 7 8 9 |  9.0
Evocations     | 0 |  0.0
Armour         | 6 8 |  8.0
Shields        | 4 |  4.7

Action                   |  1- 3 |  4- 6 |  7- 9 | 10-12 || total
-------------------------+-------+-------+-------+-------++-------
Melee: Club              |    18 |       |       |       ||    18
       War axe           |    43 |   126 |   213 |       ||   382
       Tailslap          |     8 |    15 |    37 |    20 ||    80
       Punch             |       |       |     7 |     1 ||     8
       Hand axe          |       |       |     4 |   147 ||   151
Invok: Sacrifice Artific |       |       |     1 |       ||     1
       Draw Out Power    |       |       |       |     2 ||     2
       Sacrifice Stealth |       |       |       |     1 ||     1
       Power Leap        |       |       |       |     1 ||     1
       Sacrifice Nimblen |       |       |       |     1 ||     1
 Abil: Rolling Charge    |    18 |    44 |    68 |    30 ||   160
Evoke: Wand              |     4 |       |    26 |       ||    30
  Use: Scroll            |       |       |     7 |     6 ||    13
       Potion            |       |       |     4 |     3 ||     7
Armor: Leather armour    |    24 |     7 |       |       ||    31
       Chain mail        |       |    49 |       |       ||    49
       Plate armour      |       |       |   125 |    77 ||   202
Dodge: Dodged            |    21 |    32 |    35 |    22 ||   110
Block: Buckler           |       |       |       |    13 ||    13
